 Dungeon Crawl Stone Soup version 0.21-a0-621-gc60411f (webtiles) character file.

16 Amnesiac the Insei (level 2, -1/19 HPs)
             Began as an Octopode Transmuter on Dec 23, 2017.
             Slain by a rat (3 damage)
             ... on level 1 of the Dungeon.
             The game lasted 00:00:42 (200 turns).

Amnesiac the Insei (Octopode Transmuter)             Turns: 200, Time: 00:00:43

Health: -1/19      AC:  1    Str:  9    XL:     2   Next: 54%
Magic:  5/5        EV: 13    Int: 15    God:
Gold:   11         SH:  0    Dex: 12    Spells: 4/5 levels left

rFire    . . .     SeeInvis .     - Unarmed
rCold    . . .     Gourm    .   (no shield)
rNeg     . . .     Faith    .   (helmet restricted)
rPois    .         Spirit   .   (no amulet)
rElec    .         Reflect  .   (no ring)
rCorr    .         Harm     .   (no ring)
MR       .....                  (no ring)
Stlth    ++........             (no ring)
HPRegen  0.06/turn              (no ring)
MPRegen  0.09/turn              (no ring)
                                (no ring)
                                (no ring)

@: no status effects
A: almost no armour, stealthy swim, amphibious, 8 rings, constrict 8, camouflage
1, gelatinous body 1
a: no special abilities


You were on level 1 of the Dungeon.
You were not hungry.

You visited 1 branch of the dungeon, and saw 1 of its levels.

You collected 11 gold pieces.

Inventory:

Missiles
 a - 12 arrows
Jewellery
 f - an uncursed ring of ice {unknown}
Potions
 e - a potion of curing {!q, unknown}
Books
 b - a book of Changes

   Spells                             Type                      Level
   a - Beastly Appendage              Transmutation                1
   b - Sticks to Snakes               Transmutation                2
   c - Spider Form                    Transmutation/Poison         3
   d - Ice Form                       Ice/Transmutation            4
   e - Blade Hands                    Transmutation                5
Comestibles
 c - a ration
 d - 6 chunks of flesh


   Skills:
 + Level 1.9 Fighting
 - Level 2.0 Dodging
 - Level 3.0 Unarmed Combat
 - Level 2.0 Spellcasting
 + Level 2.5 Transmutations


You had 4 spell levels left.
You knew the following spells:

 Your Spells              Type           Power        Failure   Level  Hunger
a - Beastly Appendage     Tmut           #.....       8%          1    #......


Dungeon Overview and Level Annotations

Branches:
Dungeon (1/15)

Altars:


Innate Abilities, Weirdness & Mutations

You cannot wear most types of armour.
You are very stealthy in the water. (Stealth+)
You are amphibious.
You can wear up to eight rings at the same time.
You can use your tentacles to constrict eight enemies at once.
Your skin changes colour to match your surroundings (Stealth+).
Your rubbery body absorbs attacks. (AC +1, EV +1)


Message History

A rat is nearby!
The helpless rat fails to defend itself.
You tentacle-slap the rat.
The rat is heavily wounded.
The rat barely misses you.
A rat is nearby!
You tentacle-slap the rat.
You kill the rat!
f - a runed diamond ring No target in view!
A kobold comes into view.
The kobold shouts!
A dart slug comes into view.
A rat comes into view.
There are monsters nearby!
The rat moves out of view.
There are monsters nearby!
The kobold closely misses you.
There are monsters nearby!
You tentacle-slap the kobold but do no damage.
The kobold barely misses you.
A hobgoblin comes into view. It is wielding a club.
There are monsters nearby!
The hobgoblin shouts!
You tentacle-slap the kobold. You grab the kobold. You squeeze the kobold.
You kill the kobold!
There are monsters nearby!
The dart slug bites you.
Found a fuming grey potion.
You see here a kobold corpse.
There are monsters nearby!
You tentacle-slap the dart slug. You grab the dart slug.
The dart slug is lightly wounded.
You constrict the dart slug.
There are monsters nearby!
You tentacle-slap the dart slug.
The dart slug is almost dead.
You constrict the dart slug.
You kill the dart slug!
The hobgoblin hits you with a club.
* * * LOW HITPOINT WARNING * * *
There are monsters nearby!
You tentacle-slap the hobgoblin.
The hobgoblin is moderately wounded.
The hobgoblin hits you with a club.
* * * LOW HITPOINT WARNING * * *
The rat barely misses you.
There are monsters nearby!
You are too injured to fight recklessly!
There are monsters nearby!
You are too injured to fight recklessly!
There are monsters nearby!
You are too injured to fight recklessly!
There are monsters nearby!
You are too injured to fight recklessly!
There are monsters nearby!
You are too injured to fight recklessly!
You barely miss the hobgoblin.
The hobgoblin is moderately wounded.
The hobgoblin misses you. The rat barely misses you.
You closely miss the hobgoblin.
The hobgoblin is moderately wounded.
The rat bites you.
You die...

.........##.#
....≈≈≈≈≈≈≈.
#........# .
..≈≈≈≈...≈≈≈ .... ..
≈≈≈≈≈..<..≈≈ ...!.#.##
..≈≈≈≈...≈≈≈ ........
....≈≈≈≈≈≈≈.
#..##.####...≈..≈≈≈..≈
....(..#8..≈....≈....
#.#r.#.#.....#..≈..#.
#..g@......####...###
#....#...#######.##
###.%............#
..#.#..##########
##.#.#..# ..#..... ##
###.### #.# #.


You could see a hobgoblin and a rat.

Vanquished Creatures
  2 dart slugs (D:1)
  A leopard gecko (D:1)
  A goblin (D:1)
  3 bats (D:1)
  2 kobolds (D:1)
  3 rats (D:1)
12 creatures vanquished.

Notes
Turn   | Place    | Note
-------+----------+-------------------------------------------
     0 | D:1      | Amnesiac the Octopode Transmuter began the quest for the Orb.
     0 | D:1      | Reached XP level 1. HP: 13/13 MP: 3/3
    38 | D:1      | Reached XP level 2. HP: 9/18 MP: 5/5
   200 | D:1      | Slain by a rat

Vault maps used:
D:1:      eino_arrival_water_star

Action                   || total
-------------------------++-------
Melee: Unarmed           ||    26
       Constrict         ||     7
       Tentacles         ||     4
 Cast: Beastly Appendage ||     1
 Stab: Sleeping          ||     1
Armor: Skin              ||     2
Dodge: Dodged            ||    15

Table legend:
 A = Spawn XP
 B = Non-spawn XP
 C = Spawn XP percentage of total XP
 D = Spawn monster count
 E = Non-spawn monster count
 F = Spawn count percentage of total count
 G = Total turns spent on level
                    A         B        C        D         E        F      G
               +---------+---------+-------+---------+---------+-------+---------
         Total |       0 |      23 |   0.0 |       0 |      12 |   0.0 |   200
               +---------+---------+-------+---------+---------+-------+---------
           D:1 |       0 |      23 |   0.0 |       0 |      12 |   0.0 |   200
               +---------+---------+-------+---------+---------+-------+---------
